[Event "ICC Open 2015"]
[Site "Internet Chess Club"]
[Date "2015.05.29"]
[Round "9"]
[White "MassCarnage"]
[Black "DeepHmmm"]
[Result "1-0"]
[ICCResult "Black resigns"]
[WhiteElo "2010"]
[BlackElo "1786"]
[Opening "Scotch gambit: Dubois-Réti defense"]
[ECO "C55"]
[NIC "KP.02"]
[Time "15:40:56"]
[TimeControl "180+0"]

1. e4 e5 2. d4 exd4 3. Bc4 Nc6 4. Nf3 Nf6 5. e5 Ne4 6. Bd5 Nc5 7. c3 d3 8.
b4 Ne6 9. Qxd3 Be7 10. Be3 O-O 11. Be4 h6 12. h4 d6 13. exd6 Qxd6 14. Qc2
Ne5 15. Nbd2 Nxf3+ 16. Nxf3 Nf4 17. O-O Ne6 18. Rad1 Qa6 19. Rfe1 c6 20. Ne5
Bf6 21. f4 Nc7 22. Bh7+ Kh8 23. Bd3 Bxe5 24. Bxa6 {Black resigns} 1-0

[Event "ICC Open 2015"]
[Site "Internet Chess Club"]
[Date "2015.05.29"]
[Round "9"]
[White "BlitzorDDD"]
[Black "fireland"]
[Result "0-1"]
[ICCResult "White resigns"]
[WhiteElo "3188"]
[BlackElo "3098"]
[Opening "English: symmetrical, four knights system"]
[ECO "A30"]
[NIC "EO.36"]
[Time "15:38:41"]
[TimeControl "180+0"]

1. Nf3 Nf6 2. c4 c5 3. Nc3 Nc6 4. g3 d5 5. cxd5 Nxd5 6. Bg2 Nc7 7. O-O e5 8.
a3 Be7 9. b4 cxb4 10. axb4 a6 11. b5 axb5 12. Rxa8 Nxa8 13. Nxb5 O-O 14. Nc3
Be6 15. d3 Nc7 16. Bd2 b5 17. Qb1 b4 18. Ne4 Nb5 19. Rc1 Ncd4 20. Nxd4 Nxd4
21. Bf1 Nb3 22. Rc2 f5 23. Bh3 Nd4 24. Nc5 Qd5 25. Bg2 e4 26. Nxe6 Qxe6 27.
Rc4 Nxe2+ 28. Kf1 Rd8 29. Bxe4 Nd4 30. Be3 fxe4 31. Bxd4 exd3 32. Qxd3 Bf6
33. Rxb4 Qd5 34. Qc4 Qxc4+ 35. Rxc4 Bxd4 36. Rc2 Rf8 37. Kg2 Bf6 38. Rd2 h6
39. Rc2 Kh7 40. Rd2 Kg6 41. Re2 Rc8 42. Rc2 Rxc2 {White resigns} 0-1

[Event "ICC Open 2015"]
[Site "Internet Chess Club"]
[Date "2015.05.29"]
[Round "9"]
[White "moonriver"]
[Black "Giantvin"]
[Result "0-1"]
[ICCResult "White resigns"]
[WhiteElo "1505"]
[BlackElo "1963"]
[Opening "Torre attack (Tartakower variation)"]
[ECO "D03"]
[NIC "QP.08"]
[Time "15:38:30"]
[TimeControl "180+0"]

1. d4 d5 2. Nf3 Nf6 3. Bg5 Ne4 4. Bf4 e6 5. Nbd2 c5 6. c3 Qb6 7. Qb3 Nxd2 8.
Nxd2 cxd4 9. Qxb6 axb6 10. cxd4 Nc6 11. e3 Nb4 12. Kd1 Rxa2 13. Rxa2 Nxa2
14. Bd3 Bd7 15. Bc7 b5 16. Nb3 Nb4 17. Bb1 Na6 18. Ba5 Bd6 19. Ke2 Ke7 20.
g3 Rc8 21. Rc1 Rxc1 22. Nxc1 h5 23. Nd3 f6 24. Bc2 h4 25. f4 hxg3 26. hxg3
g5 27. Kf3 gxf4 28. gxf4 Nb8 29. Bd2 b6 30. Nb4 Nc6 31. Nxc6+ Bxc6 32. Bd3
e5 33. fxe5 fxe5 34. dxe5 Bxe5 35. Bc3 d4+ 36. e4 dxc3 37. bxc3 Bxc3 38. Ke3
Kd6 39. Bb1 Ke5 40. Kd3 Bxe4+ 41. Kxc3 Bxb1 42. Kb4 Bd3 43. Kc3 Ke4 44. Kb4
Kd4 45. Kb3 Kc5 46. Kc3 Bg6 47. Kb3 b4 48. Kb2 Kc4 49. Kc1 Kc3 50. Kd1 b3
{White resigns}
0-1

[Event "ICC Open 2015"]
[Site "Internet Chess Club"]
[Date "2015.05.29"]
[Round "9"]
[White "Andrei21"]
[Black "Valai"]
[Result "0-1"]
[ICCResult "White checkmated"]
[WhiteElo "2925"]
[BlackElo "2515"]
[Opening "Queen's pawn game, Darooha variation "]
[ECO "D02"]
[NIC "QP.06"]
[Time "15:38:59"]
[TimeControl "180+0"]

1. d4 Nf6 2. Nf3 d5 3. g3 c6 4. Bg2 Bg4 5. O-O Nbd7 6. c4 e6 7. b3 Bd6 8.
Bb2 O-O 9. Nbd2 Qe7 10. Ne5 Bf5 11. Ndf3 Ne4 12. e3 h6 13. Qe2 Nxe5 14. Nxe5
Ba3 15. Rac1 Rfd8 16. Rfd1 Bxb2 17. Qxb2 Qb4 18. a3 Qb6 19. b4 Nf6 20. c5
Qc7 21. a4 Nd7 22. Nxd7 Qxd7 23. b5 a6 24. Bf1 axb5 25. axb5 Ra5 26. Ra1
Rda8 27. Rxa5 Rxa5 28. Ra1 Qd8 29. Qc3 Rxa1 30. Qxa1 Kh7 31. Qa7 cxb5 32.
Qxb7 Be4 33. c6 Qf6 34. f4 Qf5 35. c7 Qg4 36. c8=Q Qf3 37. Qxb5 Qxe3#
{White checkmated}
0-1

[Event "ICC Open 2015"]
[Site "Internet Chess Club"]
[Date "2015.05.29"]
[Round "9"]
[White "smoothg"]
[Black "Govindan"]
[Result "1-0"]
[ICCResult "Black forfeits on time"]
[WhiteElo "1764"]
[BlackElo "1558"]
[Opening "King's pawn game"]
[ECO "C50"]
[NIC "IG.03"]
[Time "15:38:30"]
[TimeControl "180+0"]

1. e4 e5 2. Nf3 Nc6 3. Bc4 d6 4. d4 exd4 5. Nxd4 Nf6 6. Nc3 Be7 7. O-O O-O
8. f3 Ne5 9. Be2 a5 10. a4 Bd7 11. h3 Nh5 12. g4 Ng3 13. Re1 Bh4 14. Bf4
Nxe2+ 15. Rxe2 c5 16. Bxe5 dxe5 17. Ndb5 Qc7 18. Nxc7 Rad8 19. N3d5 Bc8 20.
Qd3 Rd7 21. Qc3 Bd8 22. Nb5 Re8 23. Rd2 Rde7 24. Rad1 Rd7 25. Qxc5 b6 26.
Qc4 Bb7 27. Nbc3 Rc7 28. Qe2 Bxd5 29. exd5 Bg5 30. Ne4 {Black forfeits on
time} 1-0

[Event "ICC Open 2015"]
[Site "Internet Chess Club"]
[Date "2015.05.29"]
[Round "9"]
[White "CavacoSilva1939"]
[Black "mvillalba"]
[Result "1-0"]
[ICCResult "Black resigns"]
[WhiteElo "2391"]
[BlackElo "2161"]
[Opening "Richter-Veresov attack"]
[ECO "D01"]
[NIC "QP.07"]
[Time "15:39:32"]
[TimeControl "180+0"]

1. d4 Nf6 2. Nc3 d5 3. Bg5 e6 4. f3 c5 5. e4 cxd4 6. Qxd4 Nc6 7. Bb5 Be7 8.
Nge2 Bd7 9. Bxc6 Bxc6 10. exd5 Bxd5 11. O-O-O O-O 12. Kb1 Rc8 13. Qxa7 Qc7
14. Bf4 Qc4 15. Rd4 Qc6 16. Qa4 b5 17. Qxb5 Qa8 18. Nxd5 Nxd5 19. Ra4 Qc6
20. Qxc6 Rxc6 21. Rd1 Rb6 22. Be5 Rc8 23. Nf4 Nxf4 24. Bxf4 Bf6 25. b3 h6
26. Rd7 Rc3 27. Ra8+ Kh7 28. Bd2 Rcc6 29. Rf8 Rb5 30. Rfxf7 Re5 31. Rxf6 Re2
32. Rxh6+ Kg8 33. Rg6 Kf8 34. Bb4+ Ke8 35. Re7+ Kd8 36. Rgxg7 Rxg2 37. Rxg2
{Black resigns}
1-0

[Event "ICC Open 2015"]
[Site "Internet Chess Club"]
[Date "2015.05.29"]
[Round "9"]
[White "juniorVishy"]
[Black "sibirica"]
[Result "0-1"]
[ICCResult "White checkmated"]
[WhiteElo "1732"]
[BlackElo "2564"]
[Opening "Bogo-Indian defense, Grünfeld variation"]
[ECO "E11"]
[NIC "QI.01"]
[Time "15:40:04"]
[TimeControl "180+0"]

1. d4 Nf6 2. c4 e6 3. Nf3 Bb4+ 4. Nbd2 O-O 5. a3 Be7 6. b4 a5 7. Bb2 axb4 8.
axb4 Rxa1 9. Bxa1 Bxb4 10. e3 b6 11. Bd3 Bb7 12. O-O d5 13. Qc2 Nbd7 14. Ne5
Bxd2 15. Qxd2 Nxe5 16. dxe5 dxc4 17. exf6 Qxd3 18. Qxd3 cxd3 19. fxg7 Rd8
20. Rd1 c5 21. f3 c4 22. Bc3 b5 23. e4 Ra8 24. Kf2 Ra2+ 25. Ke3 h5 26. Rb1
Bc6 27. Rg1 Rc2 28. Bd4 d2 29. Rd1 c3 30. Kd3 Rc1 31. Ke2 b4 32. h3 Bb5+ 33.
Kf2 Rxd1 34. Bc5 Rf1+ 35. Kg3 d1=Q 36. Bxb4 Qe1+ 37. Kh2 Rh1# {White
checkmated} 0-1

[Event "ICC Open 2015"]
[Site "Internet Chess Club"]
[Date "2015.05.29"]
[Round "9"]
[White "KingGambits"]
[Black "RdgMx"]
[Result "0-1"]
[ICCResult "White checkmated"]
[WhiteElo "1633"]
[BlackElo "1856"]
[Opening "French: Steinitz variation"]
[ECO "C11"]
[NIC "FR.04"]
[Time "15:38:57"]
[TimeControl "180+0"]

1. e4 e6 2. d4 d5 3. Nc3 Nf6 4. e5 Nfd7 5. f4 a6 6. Nf3 c5 7. Be3 Nc6 8. Qd2
cxd4 9. Nxd4 Nxd4 10. Bxd4 Bc5 11. O-O-O Bxd4 12. Qxd4 Qb6 13. Be2 Qxd4 14.
Rxd4 b5 15. Bf3 Bb7 16. Rhd1 Nb6 17. g4 Rc8 18. f5 O-O 19. f6 Nc4 20. fxg7
Kxg7 21. h4 Nxe5 22. Be2 Nc4 23. h5 h6 24. Rg1 b4 25. Na4 Ne3 26. g5 Rxc2+
27. Kb1 Rxe2 28. gxh6+ Kxh6 29. Nc5 Bc6 30. Nd3 Nf5 31. Rdg4 Rc8 32. Nxb4 d4
33. Nd3 Bb5 34. Nf4 Rh2 35. b3 e5 36. Nd5 Bd3+ 37. Ka1 Rcc2 38. Nb4 Rcd2 39.
Rg8 Kh7 40. Nd5 Rxa2# {White checkmated} 0-1

[Event "ICC Open 2015"]
[Site "Internet Chess Club"]
[Date "2015.05.29"]
[Round "9"]
[White "SvMihajlov"]
[Black "SPARNALIQ"]
[Result "1-0"]
[ICCResult "Black resigns"]
[WhiteElo "2272"]
[BlackElo "2784"]
[Opening "Grünfeld: exchange, Seville variation"]
[ECO "D87"]
[NIC "GI.05"]
[Time "15:39:08"]
[TimeControl "180+0"]

1. d4 Nf6 2. c4 g6 3. Nc3 d5 4. cxd5 Nxd5 5. e4 Nxc3 6. bxc3 Bg7 7. Bc4 c5
8. Ne2 O-O 9. Be3 Nc6 10. O-O Bg4 11. f3 Na5 12. Bxf7+ Rxf7 13. fxg4 Rxf1+
14. Kxf1 Qd6 15. Kg1 Nc4 16. Bf2 Rf8 17. Qb3 Qa6 18. dxc5 Kh8 19. Bd4 e5 20.
Bf2 Nd2 21. Qd1 Nxe4 22. Be3 Qe6 23. h3 Qc4 24. Rb1 Nxc5 25. Rb4 Qd3 26.
Qxd3 Nxd3 27. Rxb7 a5 28. Ra7 Rb8 29. Rxa5 h5 30. gxh5 Rb1+ 31. Kh2 Re1 32.
hxg6 Bf8 33. Rd5 Nb2 34. Bg5 Rxe2 35. Bf6+ Kg8 36. Rd8 Rf2 37. Bxe5 Nc4 38.
Bd4 Rf5 39. g7 Nd2 40. gxf8=Q+ Rxf8 41. Rxf8+ Kxf8 42. a4 Nc4 43. Kg3 Kf7
44. Kf4 Ke6 45. g4 Kf7 46. h4 Kg6 47. h5+ Kh6 48. Kf5 Nd6+ 49. Ke6 Nc4 50.
Kd5 Na5 51. Be3+ Kg7 52. c4 Nb7 53. c5 Nxc5 54. Kxc5 {Black resigns} 1-0

[Event "ICC Open 2015"]
[Site "Internet Chess Club"]
[Date "2015.05.29"]
[Round "9"]
[White "ikica"]
[Black "BoardLord"]
[Result "1-0"]
[ICCResult "Black checkmated"]
[WhiteElo "2812"]
[BlackElo "2211"]
[Opening "Nimzo-Indian: classical, 4...c5"]
[ECO "E38"]
[NIC "NI.22"]
[Time "15:38:59"]
[TimeControl "180+0"]

1. d4 Nf6 2. c4 e6 3. Nc3 Bb4 4. Qc2 c5 5. dxc5 Na6 6. a3 Bxc3+ 7. Qxc3 Nxc5
8. f3 d6 9. e4 e5 10. Be3 Qc7 11. Rd1 O-O 12. Ne2 b6 13. Ng3 Bb7 14. Be2 g6
15. O-O h5 16. Qd2 Rad8 17. Bg5 Qe7 18. Qe1 Ne6 19. Bh4 Kg7 20. Rd2 Qc7 21.
Nf5+ gxf5 22. Qg3+ Ng4 23. exf5 Qc5+ 24. Kh1 Qe3 25. fxg4 Qxd2 26. gxh5+ Kh7
27. Bd3 e4 28. Bb1 Rg8 29. Qf2 e3 30. fxe6+ Kh6 31. Qf6+ Kxh5 32. Rf5+ Kg4
33. Rg5+ Kxh4 34. Rxg8+ Kh5 35. Qg5# {Black checkmated} 1-0

[Event "ICC Open 2015"]
[Site "Internet Chess Club"]
[Date "2015.05.29"]
[Round "9"]
[White "Irenaeus"]
[Black "wolwerine"]
[Result "0-1"]
[ICCResult "White forfeits on time"]
[WhiteElo "1773"]
[BlackElo "2163"]
[Opening "Sicilian: closed"]
[ECO "B23"]
[NIC "SI.44"]
[Time "15:39:17"]
[TimeControl "180+0"]

1. e4 c5 2. Nc3 d6 3. f4 e6 4. Nf3 a6 5. g3 Nc6 6. Bg2 g6 7. d4 cxd4 8. Nxd4
Bg7 9. Nxc6 bxc6 10. Be3 Ne7 11. Bd4 e5 12. fxe5 dxe5 13. Bc5 Be6 14. O-O
Rb8 15. Rb1 Bh6 16. Qe2 Qa5 17. Bxe7 Kxe7 18. Qf2 Rhd8 19. Qf6+ Ke8 20. Qh8+
Bf8 21. Rbd1 Qb6+ 22. Kh1 Qxb2 23. Na4 Qxc2 24. Rxd8+ Rxd8 25. Nb6 Qc5 26.
Qf6 Qxb6 27. Qxe5 Qc5 28. Qc7 Qd6 29. Qa7 c5 30. e5 Qd7 31. Qxa6 Bd5 32. e6
Bxg2+ 33. Kxg2 fxe6 {White forfeits on time} 0-1

[Event "ICC Open 2015"]
[Site "Internet Chess Club"]
[Date "2015.05.29"]
[Round "9"]
[White "QuezadaY"]
[Black "Kiborg95"]
[Result "0-1"]
[ICCResult "White resigns"]
[WhiteElo "3310"]
[BlackElo "2797"]
[Opening "Philidor: Improved Hanham variation"]
[ECO "B07"]
[NIC "PU.08"]
[Time "15:39:48"]
[TimeControl "180+0"]

1. e4 d6 2. d4 Nf6 3. Nc3 e5 4. Nf3 Nbd7 5. Bc4 Be7 6. O-O O-O 7. a4 c6 8.
Re1 exd4 9. Nxd4 Ne5 10. Be2 Re8 11. f4 Ng6 12. Bf3 Nh4 13. Be3 Nxf3+ 14.
Qxf3 Ng4 15. Kh1 Nxe3 16. Rxe3 Bf6 17. Nb3 Qe7 18. Rae1 Be6 19. Nd5 Bxd5 20.
exd5 Qd7 21. dxc6 bxc6 22. c3 g6 23. h3 Rxe3 24. Qxe3 Rb8 25. Nd2 Rxb2 26.
Ne4 Qe6 27. Qxa7 Bh4 28. Re3 Qc4 29. Ng3 Qxf4 30. Rf3 Bxg3 31. Rxf4 Rb1+ 32.
Qg1 Rxg1+ 33. Kxg1 Bxf4 34. Kf2 Bd2 {White resigns} 0-1

[Event "ICC Open 2015"]
[Site "Internet Chess Club"]
[Date "2015.05.29"]
[Round "9"]
[White "Borknagar"]
[Black "jps7"]
[Result "1-0"]
[ICCResult "Black forfeits on time"]
[WhiteElo "1968"]
[BlackElo "1612"]
[Opening "Queen's gambit declined"]
[ECO "D30"]
[NIC "QP.08"]
[Time "15:38:29"]
[TimeControl "180+0"]

1. d4 d5 2. c4 e6 3. Nf3 Nf6 4. e3 b6 5. Bd3 Bb7 6. cxd5 exd5 7. O-O Bd6 8.
Nc3 a6 9. Qb3 O-O 10. Bd2 Nbd7 11. Rfc1 c5 12. Qc2 c4 13. Bf5 b5 14. a3 Qe7
15. Re1 Ne4 16. Rac1 Ndf6 17. Ne2 g6 18. Bh3 Qc7 19. Ng3 Bxg3 20. hxg3 Rae8
21. Bb4 Nd6 22. Ne5 a5 23. Bc5 Ra8 24. Qe2 Rfe8 25. Qf3 Nfe4 26. Bxd6 Nxd6
27. Qf6 Qe7 28. Qf3 f6 29. Ng4 Kg7 30. Qf4 g5 31. Qf3 Rf8 32. Nh2 f5 33. Qh5
g4 34. Nxg4 fxg4 35. Qxg4+ Kh8 36. Qe6 Qxe6 37. Bxe6 Ne4 38. f3 Nxg3 39. Kf2
Nf5 40. Rh1 Ng7 41. Bg4 Rf6 42. Rh2 Raf8 43. Rch1 Nf5 44. Rxh7+ Kg8 45. Rh8+
{Black forfeits on time}
1-0

[Event "ICC Open 2015"]
[Site "Internet Chess Club"]
[Date "2015.05.29"]
[Round "9"]
[White "mementogambit"]
[Black "a-man"]
[Result "1-0"]
[ICCResult "Black forfeits on time"]
[WhiteElo "1570"]
[BlackElo "1436"]
[Opening "Giuoco Piano: four knights variation"]
[ECO "C55"]
[NIC "IG.01"]
[Time "15:39:59"]
[TimeControl "180+0"]

1. e4 e5 2. Nf3 Nc6 3. Bc4 Nf6 4. Nc3 Bc5 5. Nd5 O-O 6. c3 Nxe4 7. d4 exd4
8. O-O dxc3 9. bxc3 Bxf2+ 10. Rxf2 Nxf2 11. Kxf2 d6 12. Bg5 Qe8 13. Qd2 Ne5
14. Bf6 Nxc4 15. Qg5 g6 16. Qh6 {Black forfeits on time} 1-0

[Event "ICC Open 2015"]
[Site "Internet Chess Club"]
[Date "2015.05.29"]
[Round "9"]
[White "MeWantCookie"]
[Black "JUGGERNOT"]
[Result "0-1"]
[ICCResult "White forfeits on time"]
[WhiteElo "1621"]
[BlackElo "1860"]
[Opening "Queen's pawn game, Rubinstein (Colle-Zukertort) variation"]
[ECO "D05"]
[NIC "QP.08"]
[Time "15:38:42"]
[TimeControl "180+0"]

1. d4 d5 2. Nf3 e6 3. e3 Nf6 4. Bd3 c5 5. b3 Nc6 6. O-O Nb4 7. Be2 a6 8. a3
Nc6 9. Bd3 b5 10. dxc5 Bxc5 11. b4 Bb6 12. Bb2 O-O 13. Ne5 Nxe5 14. Bxe5 Nd7
15. Bb2 Qg5 16. Nd2 Bb7 17. Nf3 Qh6 18. Ne5 Nxe5 19. Bxe5 f6 20. Bb2 e5 21.
Qg4 Bc8 22. Qg3 Bc7 23. e4 d4 24. Bc1 Qh5 25. f4 Kh8 26. f5 Rg8 27. Bd2 g5
28. fxg6 Rxg6 29. Qf3 Bg4 30. Qf2 Rag8 31. Kh1 Be6 32. Be2 Bg4 33. Bxg4 Qxg4
34. Rae1 Qxg2+ 35. Qxg2 Rxg2 36. Bh6 Bd8 37. Rc1 Re2 38. Rfe1 Rgg2 39. Rxe2
Rxe2 40. c3 Bb6 41. cxd4 Kg8 42. Rc8+ Kf7 43. dxe5 fxe5 44. Rc6 Re1+ 45. Kg2
Rg1+ 46. Kh3 Bd8 47. Rxa6 Re1 48. Ra7+ Kg6 49. Ra6+ Bf6 50. Rxf6+ Kxf6 51.
Bg7+ Kxg7 {White forfeits on time} 0-1

[Event "ICC Open 2015"]
[Site "Internet Chess Club"]
[Date "2015.05.29"]
[Round "9"]
[White "Kenana"]
[Black "ShadowLike"]
[Result "0-1"]
[ICCResult "White forfeits on time"]
[WhiteElo "1928"]
[BlackElo "2246"]
[Opening "Budapest: Fajarowicz variation"]
[ECO "A51"]
[NIC "QG.01"]
[Time "15:39:51"]
[TimeControl "180+0"]

1. d4 Nf6 2. c4 e5 3. dxe5 Ne4 4. Nf3 Nc6 5. e3 d6 6. Be2 Nxe5 7. O-O Be7 8.
b3 Bf6 9. Nd4 c5 10. Nb5 Ng6 11. Bf3 a6 12. N5c3 Nxc3 13. Nxc3 Bxc3 14. Rb1
O-O 15. Qc2 Qf6 16. Ba3 Bf5 17. e4 Bd7 18. Rbd1 Bd4 {White forfeits on time}
0-1

[Event "ICC Open 2015"]
[Site "Internet Chess Club"]
[Date "2015.05.29"]
[Round "9"]
[White "Berke"]
[Black "TudoracheM"]
[Result "1-0"]
[ICCResult "Black checkmated"]
[WhiteElo "1490"]
[BlackElo "1821"]
[Opening "Sicilian: Grand Prix attack"]
[ECO "B23"]
[NIC "SI.44"]
[Time "15:39:21"]
[TimeControl "180+0"]

1. e4 c5 2. Nc3 Nc6 3. f4 g6 4. Nf3 Bg7 5. Bb5 Nd4 6. d3 Nxb5 7. Nxb5 Nf6 8.
O-O O-O 9. Qe1 a6 10. Nc3 d5 11. e5 Nd7 12. Qh4 e6 13. Qh3 b5 14. Ne2 d4 15.
Ng5 h6 16. Ne4 Bb7 17. Nd6 Bc6 18. Bd2 Qe7 19. Ne4 Nb6 20. Be1 Bxe4 21. dxe4
Nc4 22. Bh4 Qb7 23. f5 Bxe5 24. fxg6 fxg6 25. Qxe6+ Kg7 26. Be7 Rxf1+ 27.
Rxf1 Qxe4 28. Rf7+ Kh8 29. Bf6+ Kg8 30. Re7+ Kf8 31. Qf7# {Black checkmated}
1-0

[Event "ICC Open 2015"]
[Site "Internet Chess Club"]
[Date "2015.05.29"]
[Round "9"]
[White "jonpetur"]
[Black "Qualm"]
[Result "0-1"]
[ICCResult "White checkmated"]
[WhiteElo "1500"]
[BlackElo "1701"]
[Opening "Nimzovich-Larsen attack: classical variation"]
[ECO "A01"]
[NIC "VO.08"]
[Time "15:38:50"]
[TimeControl "180+0"]

1. b3 d5 2. Bb2 e6 3. d3 Nf6 4. Nd2 Be7 5. e3 O-O 6. f3 b6 7. Qe2 c5 8. g4
Ba6 9. h4 Nfd7 10. Bh3 Bf6 11. O-O-O Bxb2+ 12. Kxb2 Nc6 13. c4 Qf6+ 14. d4
cxd4 15. exd4 Nxd4 16. Qd3 Nb5+ 17. Kb1 Na3+ 18. Kc1 Qa1+ 19. Nb1 Qxa2 20.
Rd2 Qxb1+ 21. Qxb1 Nxb1 22. Kxb1 Nc5 23. cxd5 exd5 24. Kb2 Rad8 25. Ne2 Bxe2
26. Rxe2 Rfe8 27. Rd2 d4 28. g5 a5 29. f4 Kf8 30. f5 Re3 31. b4 axb4 32. f6
gxf6 33. gxf6 Ne4 34. Rg2 Nxf6 35. Rf1 Nd5 36. Rfg1 Ke7 37. Rf1 d3 38. Rgf2
Re2+ 39. Rxe2+ dxe2 40. Re1 Nc3 41. Bg4 Rd2+ 42. Kb3 f5 43. Bxf5 Rd1 44.
Rxe2+ Nxe2 45. Kxb4 Rd4+ 46. Kb5 Rxh4 47. Kxb6 Rf4 48. Bd3 h5 49. Bxe2 h4
50. Bb5 Rf2 51. Bc6 h3 52. Kb7 h2 53. Kc8 Rd2 54. Kb7 Rc2 55. Bh1 Rb2+ 56.
Ka6 Kf6 57. Ka5 Ke5 58. Ka4 Rb1 59. Bg2 h1=Q 60. Bxh1 Rxh1 61. Kb3 Rd1 62.
Kb4 Rd8 63. Kc3 Ke4 64. Kc4 Rc8+ 65. Kb3 Kd5 66. Kb4 Rc7 67. Kb3 Kd4 68. Kb2
Rc6 69. Kb1 Kd3 70. Kb2 Rb6+ 71. Ka3 Kc4 72. Ka4 Ra6# {White checkmated} 0-1

[Event "ICC Open 2015"]
[Site "Internet Chess Club"]
[Date "2015.05.29"]
[Round "9"]
[White "Discoverchess"]
[Black "Shadeath"]
[Result "0-1"]
[ICCResult "White resigns"]
[WhiteElo "2460"]
[BlackElo "2965"]
[Opening "English opening"]
[ECO "A10"]
[NIC "EO.64"]
[Time "15:39:41"]
[TimeControl "180+0"]

1. c4 a6 2. g3 b5 3. Bg2 c6 4. Nf3 bxc4 5. O-O d5 6. a4 Nf6 7. Nc3 e6 8. b3
cxb3 9. Qxb3 c5 10. e4 c4 11. Qa2 Be7 12. exd5 exd5 13. Ba3 O-O 14. Rfe1
Bxa3 15. Qxa3 Nbd7 16. Rab1 Rb8 17. Nd4 Rxb1 18. Rxb1 Ne5 19. Re1 Nd3 20.
Nc6 Qb6 21. Ne7+ Kh8 22. Ng6+ hxg6 23. Qxf8+ Kh7 24. Rf1 Be6 25. h3 Qb2 26.
Rd1 d4 27. Ne2 Qc2 28. Rf1 Qxd2 29. Nxd4 c3 30. Nf3 Qh6 31. h4 Ne4 32. Qa8
Bf5 33. Qc6 Ndxf2 34. Rxf2 Qe3 35. Ng5+ Nxg5 36. hxg5 c2 37. Kh2 c1=Q
{White resigns}
0-1

[Event "ICC Open 2015"]
[Site "Internet Chess Club"]
[Date "2015.05.29"]
[Round "9"]
[White "kava"]
[Black "HuevosDeLeon"]
[Result "1-0"]
[ICCResult "Black forfeits on time"]
[WhiteElo "2915"]
[BlackElo "2705"]
[Opening "Réti opening"]
[ECO "A04"]
[NIC "QP.11"]
[Time "15:39:32"]
[TimeControl "180+0"]

1. Nf3 d6 2. d4 f5 3. g3 Nf6 4. Bg2 g6 5. b3 Bg7 6. Bb2 O-O 7. O-O Ne4 8.
Nbd2 Nc6 9. a4 Nxd2 10. Qxd2 e5 11. dxe5 dxe5 12. Qxd8 Rxd8 13. Rfd1 e4 14.
Rxd8+ Nxd8 15. Bxg7 Kxg7 16. Nd4 Ne6 17. Rd1 Nxd4 18. Rxd4 Be6 19. f3 exf3
20. exf3 Re8 21. f4 Bc8 22. Kf2 Kf6 23. a5 Ke7 24. b4 Rd8 25. Ke3 Rxd4 26.
Kxd4 b6 27. Ke5 Bd7 28. c3 Be8 29. Bd5 Bd7 30. Bg8 h6 31. h4 Be8 32. h5 gxh5
33. Be6 Kf8 34. Kf6 c5 35. Bxf5 cxb4 36. cxb4 bxa5 37. bxa5 Bf7 38. Bg6 Bc4
39. Bxh5 Bd3 40. g4 Kg8 41. Bf7+ Kh7 42. g5 hxg5 43. fxg5 Kh8 44. g6 Bxg6
45. Kxg6 a6 46. Be8 Kg8 47. Bb5 Kf8 48. Bxa6 Ke7 49. Bb7 Kd8 50. a6 Kc7 51.
Kf6 Kb8 52. Ke6 Ka7 53. Kd6 Kb8 54. Kc5 Ka7 55. Kb5 Kb8 56. Bd5 Ka7 57. Ka5
Kb8 58. Kb6 Kc8 59. a7 Kd7 60. a8=N Kd6 61. Nc7 {Black forfeits on time} 1-0

[Event "ICC Open 2015"]
[Site "Internet Chess Club"]
[Date "2015.05.29"]
[Round "9"]
[White "ForkNPin"]
[Black "Piranha"]
[Result "1-0"]
[ICCResult "Black forfeits on time"]
[WhiteElo "1644"]
[BlackElo "1804"]
[Opening "Sicilian"]
[ECO "B50"]
[NIC "SI.01"]
[Time "15:39:34"]
[TimeControl "180+0"]

1. e4 c5 2. Nf3 d6 3. c3 Nf6 4. Be2 g6 5. e5 dxe5 6. Nxe5 Bg7 7. Nf3 O-O 8.
O-O Nc6 9. d4 cxd4 10. Nxd4 Bd7 11. Nd2 e5 12. N4b3 Re8 13. Nc4 Qc7 14. Nd6
Re7 15. Nc4 b5 16. Ne3 a6 17. Nd5 Nxd5 18. Qxd5 Rae8 19. Bg5 Be6 20. Qe4 f5
21. Qh4 Rd7 22. Rad1 e4 23. Nc5 Rxd1 24. Rxd1 Ne5 25. Nxe6 Rxe6 26. Bf4 Rd6
27. Qg3 Rxd1+ 28. Bxd1 Qd7 29. Bb3+ Nf7 30. h3 Kf8 31. Be3 Ne5 32. Bc5+ Ke8
33. Qg5 Nd3 34. Be3 Qe7 35. Qg3 Nxb2 36. Qb8+ Qd8 37. Qxd8+ Kxd8 38. Bb6+
Kd7 39. Bd5 Bxc3 40. Bb7 a5 41. Ba6 b4 42. Bb5+ Kd6 43. Be2 a4 44. Bd8 a3
45. Bf6 Bxf6 46. Bb5 Bc3 47. Bc4 Nd3 48. Bb3 {Black forfeits on time} 1-0

[Event "ICC Open 2015"]
[Site "Internet Chess Club"]
[Date "2015.05.29"]
[Round "9"]
[White "BornReti"]
[Black "RedCard"]
[Result "0-1"]
[ICCResult "White forfeits on time"]
[WhiteElo "1806"]
[BlackElo "2188"]
[Opening "English: Neo-Catalan"]
[ECO "A14"]
[NIC "RE.09"]
[Time "15:39:04"]
[TimeControl "180+0"]

1. Nf3 d5 2. c4 e6 3. g3 Nf6 4. Bg2 Be7 5. b3 O-O 6. O-O a5 7. a3 a4 8. cxd5
axb3 9. Qxb3 exd5 10. Bb2 c6 11. d3 Na6 12. Nbd2 Nc5 13. Qc2 Na4 14. Rfb1
Nxb2 15. Rxb2 Re8 16. a4 Nd7 17. e4 Bf6 18. d4 dxe4 19. Nxe4 Qa5 20. Nxf6+
Nxf6 21. Ne5 Be6 22. Nc4 Bxc4 23. Qxc4 b5 24. Qxc6 bxa4 25. Rb5 Qa6 26. Qc4
Rac8 27. Qb4 Rcd8 28. Qxa4 Qd6 29. Rb7 Qxd4 30. Qxd4 Rxd4 31. Bc6 Red8 32.
Raa7 Rf8 33. Ba4 g6 34. Bb3 Kg7 35. Rxf7+ Rxf7 36. Rxf7+ Kh6 37. Rxf6 Rd3
38. Be6 Kg5 39. Rf4 h5 40. Kg2 Rd6 41. Bc8 Rc6 42. Bb7 Rb6 43. Bf3 Rd6 44.
h4+ Kh6 45. g4 hxg4 46. Rxg4 Rb6 47. Kg3 Rb3 48. Rf4 Rc3 49. Kg4 Rc5 50. Be4
Kg7 51. Rf3 Rc4 52. Re3 Rb4 53. f4 Kf6 54. Rf3 Rxe4 55. h5 gxh5+ 56. Kxh5
Kf5 57. Kh4 Re1 58. Kg3 Ke4 59. f5 Rg1+ 60. Kf2 Rg8 61. f6 Rf8 62. f7 Ke5
63. Kg3 Ke6 64. Kg4 Ke5 65. Kg5 Ke4 66. Rf1 Ke3 67. Kg6 Ke2 68. Kg7 Ra8 69.
f8=Q Ra7+ 70. Qf7 Ra3 71. Qf2+ Kd3 72. Re1 Kc4 73. Qc2+ Kd4 74. Re6 Rg3+
{White forfeits on time}
0-1

[Event "ICC Open 2015"]
[Site "Internet Chess Club"]
[Date "2015.05.29"]
[Round "9"]
[White "PuRe"]
[Black "hAutAjArvi"]
[Result "0-1"]
[ICCResult "White resigns"]
[WhiteElo "1836"]
[BlackElo "2032"]
[Opening "Three knights game"]
[ECO "C46"]
[NIC "KP.06"]
[Time "15:39:26"]
[TimeControl "180+0"]

1. e4 e5 2. Nf3 Nc6 3. Nc3 Be7 4. d4 d6 5. Bb5 exd4 6. Nxd4 Bd7 7. Bxc6 bxc6
8. O-O Nf6 9. b3 O-O 10. Bb2 Re8 11. Re1 c5 12. Nf3 Bc6 13. Qd3 Bf8 14. Rad1
Nd7 15. h3 g6 16. Nd5 Bxd5 17. exd5 Bg7 18. Bxg7 Kxg7 19. c4 Qf6 20. Re3
Rxe3 21. Qxe3 a5 22. Re1 a4 23. Qe7 Qxe7 24. Rxe7 axb3 25. axb3 Rd8 26. Ng5
Kf6 27. Rxf7+ Kxg5 28. Rxh7 Kf6 29. f4 Kf5 30. Rf7+ Ke4 31. g4 Kf3 32. g5
Kg3 33. h4 Kxh4 34. Kf2 Kg4 35. Kg2 Nb8 36. Rxc7 Kxf4 37. Re7 Kxg5 38. Re6
Na6 39. Kg3 Kf5 40. Re7 Nb4 41. Rf7+ Ke4 42. Kg4 Nd3 43. Re7+ Ne5+ 44. Kg5
Kd4 45. Kf6 Kc3 46. Rb7 Rf8+ 47. Ke7 Rf7+ 48. Kxd6 Rxb7 49. Kxe5 Kxb3 50. d6
Kxc4 51. Ke6 g5 52. d7 Rxd7 53. Kxd7 g4 {White resigns} 0-1